 Dungeon Crawl Stone Soup version 0.29.1-14-g9c671dbff4 (webtiles) character file.

Game seed: 2656866764027791614

4522 promet the Basher (level 10, -2/114 HPs)
             Began as a Demonspawn Fighter on Feb 17, 2023.
             Was a Follower of Uskayaw.
             Killed from afar by a steam dragon (8 damage)
             ... with a ball of steam
             ... on level 9 of the Dungeon.
             The game lasted 00:58:27 (11409 turns).

promet the Basher (Demonspawn Fighter)             Turns: 11409, Time: 00:58:28

Health: -2/114     AC: 25    Str: 21    XL:     10   Next: 17%
Magic:  11/11      EV:  2    Int:  8    God:    Uskayaw [*.....]
Gold:   390        SH:  5    Dex: 10    Spells: 9/9 levels left

rFire   . . .      SeeInvis .   u - +0 scythe
rCold   . . .      Faith    .   (shield currently unavailable)
rNeg    . . .      Spirit   .   (body armour currently unavailable)
rPois   +          Reflect  +   (helmet currently unavailable)
rElec   .          Harm     .   (cloak currently unavailable)
rCorr   .          Rampage  .   (gloves currently unavailable)
Will    +....      NoTele   +   (boots currently unavailable)
Stlth   ++........              r - amulet of reflection
HPRegen 0.29/turn               x - ring of willpower
MPRegen 0.12/turn               (no ring)

@: mighty, agile, tree-form (expiring), unable to drink
A: stationary, stasis, torment immunity, boosted hp, foul stench 2, powered by
pain 1, (sanguine armour 2), clumsy 1, (cold resistance 1), dopey 1, high MP 1,
inability to drink after injury 1, devolution 1
a: Renounce Religion, Stomp


You were on level 9 of the Dungeon.
You worshipped Uskayaw.
Uskayaw was noncommittal.
You were a tree.
You visited 1 branch of the dungeon, and saw 9 of its levels.

You collected 390 gold pieces.

Inventory:

Hand Weapons
 a - a +0 morningstar
 b - a +0 sling
 d - a +2 dagger of venom
 m - a +0 scimitar of flaming
 u - a +0 scythe (weapon)
 A - a +0 war axe of freezing
 D - a +0 shortbow
Missiles
 e - 3 curare-tipped darts
 g - 66 stones
 h - 10 poisoned darts
 q - 2 throwing nets (quivered)
Armour
 c - a +0 buckler
 j - a +0 chain mail (melded)
 k - a +2 cloak (melded)
 K - a +0 hat (melded)
Magical Staves
 n - a staff of earth
Jewellery
 p - an amulet of regeneration
 r - an amulet of reflection (around neck)
 x - a ring of willpower (left branch)
 E - a ring of wizardry
 H - an amulet of faith
Wands
 I - a wand of charming (4)
Scrolls
 l - 4 scrolls of teleportation
 t - a scroll of enchant weapon {unknown}
 v - 2 scrolls of poison
 y - a scroll of fear
 B - a scroll of blinking
 C - 4 scrolls of identify
 F - a scroll of brand weapon
 G - a scroll of butterflies
Potions
 f - 2 potions of heal wounds
 o - a potion of ambrosia
 w - a potion of cancellation
 z - 3 potions of magic
 J - a potion of curing


   Skills:
 + Level 6.3 Fighting
 + Level 4.3(6.7) Axes
 + Level 8.1(8.6) Maces & Flails
 + Level 2.6 Ranged Weapons
 + Level 2.2 Throwing
 + Level 6.3 Armour
 + Level 2.5 Dodging
 + Level 1.5 Stealth
 + Level 5.1 Shields


You had 9 spell levels left.
You didn't know any spells.
Your spell library contained the following spells:

 Spells                   Type           Power      Damage    Failure   Level
 Magic Dart               Conj           0%         1d3       41%         1
 Necrotise                Necr           0%         1d4       41%         1
 Blink                    Tloc           0%         N/A       54%         2
 Call Imp                 Summ           0%         N/A       54%         2
 Lesser Beckoning         Tloc           0%         N/A       78%         3
 Mephitic Cloud           Conj/Pois/Air  0%         N/A       78%         3
 Vampiric Draining        Necr           0%         2d6       78%         3
 Agony                    Necr           0%         N/A       100%        5
 Manifold Assault         Tloc           0%         N/A       100%        5


Dungeon Overview and Level Annotations

Branches:
Dungeon (9/15)             Temple (0/1) D:7
   Lair: D:8-11         Orc: D:9-12

Altars:
Ashenzari
Cheibriados
Dithmenos
Gozag
Makhleb
Ru
Trog
Uskayaw
Yredelemnul

Shops:
D:8 :

Annotations:
D:4 2 transporters, Priul's ghost, amateur DENe


Innate Abilities, Weirdness & Mutations

You are a tree.
Your roots penetrate the ground, keeping you stationary.
You cannot be teleported.
You are immune to unholy pain and torment.
Your maximum health is greatly increased.
Your equipment is partially melded.
You sometimes emit foul miasma when damaged in melee.
You sometimes gain a little power by taking damage.
((When seriously injured, your blood forms thick armour. (AC +0)))
You are clumsy. (Dex -2)
((Your flesh is cold resistant. (rC+)))
You are dopey. (Int -2)
You have an increased reservoir of magic. (+10% MP)
You occasionally lose the ability to drink potions when taking damage.
You have hidden genetic defects.


Message History

Reach: u) +0 scythe
Press: ? - help, Dir - move target, f/p - skeletal warrior
Aim: a skeletal warrior, wielding a +0 halberd (lightly damaged, about 48% to evade your +0 scythe)
You reach to attack!
You closely miss the skeletal warrior.
The skeletal warrior is lightly damaged.
You are engulfed in a cloud of scalding steam.
The skeletal warrior hits you from afar with a +0 halberd!
You focus on the pain.
You feel more agile all of a sudden.
The skeletal warrior hits you from afar with a +0 halberd!
* * * LOW HITPOINT WARNING * * *
You cannot teleport because you are held in place by your roots.
Reach: u) +0 scythe
Press: ? - help, Dir - move target, f/p - skeletal warrior
Aim: a skeletal warrior, wielding a +0 halberd (lightly damaged, about 48% to evade your +0 scythe)
You reach to attack!
You barely miss the skeletal warrior.
The skeletal warrior is lightly damaged.
You are engulfed in a cloud of scalding steam.
The skeletal warrior hits you but does no damage.
Reach: u) +0 scythe
Press: ? - help, Dir - move target, f/p - skeletal warrior
Aim: a skeletal warrior, wielding a +0 halberd (lightly damaged, about 48% to evade your +0 scythe)
You reach to attack!
You closely miss the skeletal warrior.
The skeletal warrior is lightly damaged.
The skeletal warrior hits you from afar with a +0 halberd!
* * * LOW HITPOINT WARNING * * *
You focus on the pain.
You feel more agile all of a sudden.
The skeletal warrior hits you but does no damage.
Reach: u) +0 scythe
Press: ? - help, Dir - move target, f/p - skeletal warrior
Aim: a skeletal warrior, wielding a +0 halberd (lightly damaged, about 48% to evade your +0 scythe)
You reach to attack!
You barely miss the skeletal warrior.
The skeletal warrior is lightly damaged.
The skeletal warrior hits you from afar with a +0 halberd!
You feel threatened and lose the ability to drink potions!
* * * LOW HITPOINT WARNING * * *
The steam dragon breathes steam at you. The ball of steam hits you!
You die...

................#
...............#
..............#
######...........#
.................#
.................#
......?..........#
...............D.#
..............z)♣#
.................#
.....#...........#
.....#...........#
.................#
....#............#
... ##...........#
..# ##..........#


You could see a skeletal warrior and a steam dragon (catching breath).

Vanquished Creatures
  Erica (D:8)
  A skeletal warrior (D:9)
  Psyche (D:8)
  Prince Ribbit (D:8)
  A hornet (D:6)
  Sigmund (D:3)
  A steam dragon (D:7)
  A water moccasin (D:5)
  3 ice beasts
  A sky beast (D:6)
  A black bear (D:5)
  An ogre (D:6)
  A centaur (D:7)
  2 phantoms (D:5)
  Blork the orc (D:4)
  2 kobold brigands
  2 bullfrogs
  A gnoll sergeant (D:8)
  2 necrophages
  2 killer bees (D:8)
  A howler monkey (D:5)
  6 hounds
  A gnoll bouda (D:5)
  4 orc priests
  7 iguanas
  2 jellies
  6 orc wizards
  A mummy (D:7)
  Robin (D:3)
  6 gnolls
  11 adders
  3 shadow imps
  A white imp (D:6)
  2 ufetubi
  2 worms
  3 dart slugs
  19 orcs
  6 bats
  9 endoplasms
  5 giant cockroaches
  14 hobgoblins
  11 kobolds
  6 quokkas
  9 ball pythons
  5 frilled lizards
  21 goblins
  6 rats
195 creatures vanquished.

Vanquished Creatures (others)
  A wizard (D:5)
  An orc wizard (D:4)
  A shadow imp (D:7)
  A fungus (D:9)
  3 plants (D:9)
7 creatures vanquished.

Grand Total: 202 creatures vanquished

Notes
Turn   | Place    | Note
-------+----------+-------------------------------------------
     0 | D:1      | promet the Demonspawn Fighter began the quest for the Orb.
     0 | D:1      | Reached XP level 1. HP: 18/18 MP: 1/1
   341 | D:1      | Gained mutation: When seriously injured, your blood forms
                  | armour. (AC +0) [demonic ancestry]
   341 | D:1      | Reached XP level 2. HP: 21/24 MP: 2/2
   851 | D:1      | Reached XP level 3. HP: 28/29 MP: 3/3
  1401 | D:2      | Gained mutation: You may rarely emit foul miasma when
                  | damaged in melee. [demonic ancestry]
  1401 | D:2      | Reached XP level 4. HP: 37/37 MP: 4/4
  1805 | D:3      | Noticed Sigmund
  1811 | D:3      | Killed Sigmund
  1812 | D:3      | Gained mutation: You sometimes emit foul miasma when
                  | damaged in melee. [demonic ancestry]
  1812 | D:3      | Reached XP level 5. HP: 42/42 MP: 5/5
  1916 | D:3      | Reached XP level 6. HP: 48/48 MP: 6/6
  2121 | D:3      | Noticed Robin
  3047 | D:3      | Killed Robin
  3065 | D:3      | Found a basalt altar of Yredelemnul.
  3443 | D:4      | Reached skill level 1 in Maces & Flails
  3486 | D:4      | Noticed Blork the orc
  3852 | D:4      | Killed Blork the orc
  3853 | D:4      | Reached skill level 2 in Maces & Flails
  3853 | D:4      | Reached skill level 1 in Dodging
  3945 | D:4      | Found a transporter.
  4016 | D:4      | Reached XP level 7. HP: 38/55 MP: 7/7
  4236 | D:4      | Found a transporter.
  4236 | D:4      | Noticed Priul's ghost (amateur DENe)
  4538 | D:5      | Entered Level 5 of the Dungeon
  4538 | D:5      | Noticed a +0 hand axe
  4538 | D:5      | Noticed a +0 hand axe
  4538 | D:5      | Found a hide-covered altar of Uskayaw.
  4546 | D:5      | Became a worshipper of Uskayaw the Reveller
  4558 | D:5      | Reached * piety under Uskayaw
  4580 | D:5      | Reached ** piety under Uskayaw
  4581 | D:5      | Reached skill level 1 in Throwing
  4749 | D:5      | Found a shadowy altar of Dithmenos.
  4956 | D:5      | Reached skill level 3 in Maces & Flails
  5110 | D:5      | Gained mutation: When seriously injured, your blood forms
                  | thick armour. (AC +0) [demonic ancestry]
  5110 | D:5      | Reached XP level 8. HP: 31/61 MP: 8/8
  5301 | D:5      | Reached skill level 4 in Maces & Flails
  5701 | D:5      | Found a bloodstained altar of Trog.
  5702 | D:5      | Noticed a wizard
  5707 | D:5      | Killed a wizard
  5863 | D:6      | Reached *** piety under Uskayaw
  5865 | D:6      | Reached skill level 5 in Fighting
  5870 | D:6      | Reached **** piety under Uskayaw
  6047 | D:6      | Noticed a hornet
  6063 | D:6      | Paralysed by a hornet for 1 turns
  6064 | D:6      | Killed a hornet
  6065 | D:6      | Reached skill level 5 in Maces & Flails
  6065 | D:6      | Reached skill level 5 in Armour
  6065 | D:6      | Reached skill level 1 in Stealth
  6311 | D:6      | Found a broken altar of Ashenzari.
  6710 | D:6      | Reached XP level 9. HP: 68/68 MP: 9/9
  6944 | D:6      | Reached skill level 6 in Maces & Flails
  7412 | D:6      | Found a burning altar of Makhleb.
  7736 | D:7      | Found a snail-covered altar of Cheibriados.
  8019 | D:7      | Gained mutation: You have hidden genetic defects. [potion
                  | of mutation]
  8019 | D:7      | Gained mutation: You have terrible hidden genetic defects.
                  | [potion of mutation]
  8019 | D:7      | Gained mutation: Your flesh is cold resistant. (rC+)
                  | [potion of mutation]
  8019 | D:7      | Gained mutation: You have an increased reservoir of magic.
                  | (+10% MP) [potion of mutation]
  8388 | D:7      | Found a staircase to the Ecumenical Temple.
  9222 | D:7      | Found a sacrificial altar of Ru.
  9423 | D:8      | Noticed Erica
  9466 | D:7      | Reached skill level 1 in Ranged Weapons
  9468 | D:7      | Gained mutation: You are dopey. (Int -2) [hidden defects]
  9601 | D:8      | Noticed Prince Ribbit
  9622 | D:8      | Killed Prince Ribbit
  9710 | D:8      | Killed Erica
  9711 | D:8      | Reached skill level 7 in Maces & Flails
  9720 | D:8      | Gained mutation: You are clumsy. (Dex -2) [hidden defects]
  9720 | D:8      | Lost mutation: You have terrible hidden genetic defects.
                  | [hidden defects expressed]
  9850 | D:8      | Found Ibbal's Book Shoppe.
  9873 | D:8      | Identified the +3 ring mail of Loaph {Will+ Str+4 Dex+4}
 10059 | D:8      | Found an opulent altar of Gozag.
 10444 | D:8      | Noticed Psyche
 10459 | D:8      | Killed Psyche
 10460 | D:8      | Reached skill level 5 in Shields
 10674 | D:8      | Gained mutation: You sometimes gain a little power by
                  | taking damage. [demonic ancestry]
 10674 | D:8      | Reached XP level 10. HP: 76/76 MP: 11/11
 10688 | D:8      | Gained mutation: You occasionally lose the ability to drink
                  | potions when taking damage. [hidden defects]
 11215 | D:9      | Noticed a skeletal warrior
 11240 | D:9      | Killed a skeletal warrior
 11241 | D:9      | Reached skill level 8 in Maces & Flails
 11374 | D:9      | Noticed a skeletal warrior
 11409 | D:9      | Killed from afar by a steam dragon

Illustrated notes

Levels and vault maps discovered:
D:1:      ncdulo_halloftheorcs, layout_rooms, minmay_tiny_reverse_x
D:2:      layout_rooms, minmay_tromino_v4_a
D:3:      minmay_general_purpose_star, layout_loops_ring,
          mainiacjoe_overflow_brackets, lemuel_crystal_altar,
          minmay_goblin_outpost, uniq_sigmund, uniq_robin
D:4:      layout_basic, gammafunk_ghost_mausoleum, minmay_misc_feat_diagonals,
          uniq_blork_the_orc
D:5:      layout_loops_cross, nicolae_dithmenos_shadow_blocks, trog_wizard,
          dancing_weapons_uskayaw
D:6:      layout_layer_cave, mainiacjoe_overflow_24_doors,
          mainiacjoe_overflow_cross_hatched, roderic_roman_lattice
D:7:      layout_cave_pools, slow_altar_1, lemuel_round_altar,
          minmay_temple_entry_sparse_star, grunt_ministairs_4
D:8:      layout_cave_pools, grunt_gozag_breadcrumbs, serial_shops,
          kennysheep_little_box, uniq_erica, uniq_psyche, uniq_prince_ribbit1
D:9:      layout_grid_maze, overflow_temple_1_default,
          nemelex_diamond_rough_becter, dpeg_oklobed_lair, minmay_misc_feat_room

Skill      XL: |  1  2  3  4  5  6  7  8  9 10 |
---------------+-------------------------------+-----
Axes           | 2 3 4 |  4.3
Armour         | 3 4 5 6 |  6.3
Fighting       | 4 5 6 |  6.3
Shields        | 3 4 5 |  5.1
Maces & Flails | 2 3 5 7 8 |  8.1
Dodging        | 1 2 |  2.5
Throwing       | 1 2 |  2.2
Stealth        | 1 |  1.5
Ranged Weapons | 2 |  2.6

Action                   |  1- 3 |  4- 6 |  7- 9 | 10-12 || total
-------------------------+-------+-------+-------+-------++-------
Melee: War axe           |   118 |    52 |     2 |       ||   172
       Morningstar       |       |   113 |   324 |    27 ||   464
       Halberd           |       |       |       |    14 ||    14
 Fire: Sling             |       |       |    38 |       ||    38
Throw: Stone             |     1 |    13 |     6 |       ||    20
       Dart              |       |    11 |     5 |       ||    16
       Boomerang         |       |       |    20 |       ||    20
       Throwing net      |       |       |       |     1 ||     1
  Use: Potion            |     1 |     1 |    13 |     4 ||    19
       Scroll            |     8 |     6 |     9 |       ||    23
 Stab: Paralysed         |       |       |     3 |       ||     3
Armor: Scale mail        |    36 |       |       |       ||    36
       Chain mail        |    53 |    89 |   166 |    13 ||   321
       Skin              |       |       |     4 |    14 ||    18
Dodge: Dodged            |    38 |    58 |    95 |    14 ||   205
Block: Buckler           |    23 |    91 |   173 |    15 ||   302
       Reflection        |       |    10 |     4 |       ||    14
